 Dungeon Crawl Stone Soup version 0.22.1-2-g9c5b331383 (webtiles) character file.

2381 Ihlosi the Magician (level 9, -13/51 HPs)
             Began as a Kobold Ice Elementalist on Jan 5, 2019.
             Was a Believer of Sif Muna.
             Mangled by an orc warrior
             ... wielding a +0 war axe
              (18 damage)
             ... in a bailey.
             The game lasted 00:35:35 (12694 turns).

Ihlosi the Magician (Kobold Ice Elementalist)      Turns: 12694, Time: 00:35:38

Health: -13/51     AC:  8    Str:  6    XL:     9   Next: 73%
Magic:  0/19       EV: 23    Int: 23    God:    Sif Muna [**....]
Gold:   374        SH:  0    Dex: 23    Spells: 10/21 levels left

rFire    . . .     SeeInvis .   a - +1 dagger (venom)
rCold    . . .     Gourm    .   (shield restricted)
rNeg     . . .     Faith    .   n - +3 leather armour
rPois    .         Spirit   .   (no helmet)
rElec    .         Reflect  .   j - +0 cloak
rCorr    .         Harm     .   i - +0 pair of gloves
MR       .....                  (no boots)
Stlth    ++++......             (no amulet)
HPRegen  0.17/turn              h - +2 ring of dexterity
MPRegen  0.16/turn              (no ring)

@: brilliant, agile, vulnerable
A: small, carnivore
a: Divine Energy, Renounce Religion


You were in a bailey.
You worshipped Sif Muna.
Sif Muna was pleased with you.
You were very full.

You visited 2 branches of the dungeon, and saw 8 of its levels.
You also visited: Sewer and Bailey.

You collected 374 gold pieces.

Inventory:

Hand Weapons
 a - a +1 dagger of venom (weapon)
 b - the +3 long sword of Indomitability {flame, rC- rN++ Str+4}
   (You found it on level 4 of the Dungeon)

   It has been specially enchanted to burn those struck by it, causing extra
   injury to most foes and up to half again as much damage against particularly
   susceptible opponents.
   Big, fiery blades are also staple armaments of hydra-hunters.
   It affects your strength (+4).
   It makes you vulnerable to cold.
   It greatly protects you from negative energy.
 s - a +2 short sword
 t - a +1 antimagic short sword
 w - a cursed +0 scimitar
Armour
 i - a +0 pair of gloves (worn)
 j - a +0 cloak (worn)
 n - a +3 leather armour (worn)
 p - a +0 robe
 q - a +2 leather armour of fire resistance
 z - a +0 buckler
Magical Staves
 d - an uncursed staff of earth
Jewellery
 h - a +2 ring of dexterity (left hand)
Wands
 A - a wand of random effects (22)
Scrolls
 e - 2 scrolls of enchant weapon
 f - a scroll of fog
 g - a scroll of immolation
 m - a scroll of remove curse
 o - 2 scrolls of identify
 x - a scroll of teleportation
Potions
 k - 3 potions of mutation
 l - 2 potions of brilliance
 r - a potion of ambrosia
 v - a potion of resistance
Comestibles
 c - 19 rations


   Skills:
 * Level 3.5 Fighting
 * Level 4.5 Short Blades
 - Level 1.0 Armour
 * Level 5.1 Dodging
 - Level 6.0 Stealth
 * Level 1.5 Shields
 * Level 6.7 Spellcasting
 * Level 3.1 Conjurations
 * Level 6.5 Ice Magic
 * Level 2.3 Evocations


You had 10 spell levels left.
You knew the following spells:

 Your Spells              Type           Power        Failure   Level  Hunger
a - Freeze                Ice            ####         1%          1    None
b - Ensorcelled Hibernat  Hex/Ice        #####.       1%          2    None
c - Throw Icicle          Conj/Ice       #####...     2%          4    ###....
d - Summon Ice Beast      Ice/Summ       #####...     4%          4    ###....

Your spell library contained the following spells:

 Spells                   Type           Power        Failure   Level  Hunger
 Confusing Touch          Hex            ###...       1%          1    None
 Corona                   Hex            ###....      1%          1    None
 Sandblast                Erth           ###...       1%          1    None
 Throw Frost              Conj/Ice       #####.       1%          2    None
 Ozocubu's Armour         Chrm/Ice       #####...     1%          3    None
 Passwall                 Tmut/Erth      ###.....     2%          2    None
 Dazzling Spray           Conj/Hex       ####..       2%          3    None
 Stone Arrow              Conj/Erth      ####..       2%          3    None
 Confuse                  Hex            ###.....     4%          3    None
 Gell's Gravitas          Tloc           ###.......   4%          3    None
 Tukima's Dance           Hex            ###.....     4%          3    None
 Metabolic Englaciation   Hex/Ice        #####.....   10%         5    #####..
 Petrify                  Tmut/Erth      ###.....     13%         4    ###....
 Lee's Rapid Deconstruct  Erth           ###.......   32%         5    #####..
 Yara's Violent Unravell  Hex/Tmut       ###.......   32%         5    #####..


Dungeon Overview and Level Annotations

Branches:
Dungeon (7/15)             Temple (1/1) D:4

Altars:
Dithmenos
Elyvilon
Fedhas
Gozag
Kikubaaqudgha
Nemelex Xobeh
Qazlal
Ru
Sif Muna
Wu Jian
Xom
The Shining One
Beogh

Shops:
D:6 *   D:7 *

Annotations:
D:3 3 runed doors, Marnok's ghost, weakling HuFi
D:4 Natasha
D:5 exclusions: ice beast and phantom
D:6 Grinder


Innate Abilities, Weirdness & Mutations

You are small and have problems with some larger weapons.
You are carnivorous and can eat meat at any time.


Message History

Aim: an orc warrior, wielding a war axe and wearing a ring mail (unusually The orc warrior struggles to resist.
The orc warrior barely misses you.
Casting: Ensorcelled Hibernation (safe; 1% risk of failure)
Confirm with . or Enter, or press ? or * to list all spells.
Aiming: Ensorcelled Hibernation (safe; 1% risk of failure)
Press: ? - help, Shift-Dir - straight line, f/p - orc warrior
Aim: an orc warrior, wielding a war axe and wearing a ring mail (unusually The orc warrior struggles to resist.
The orc warrior barely misses you.
Casting: Ensorcelled Hibernation (safe; 1% risk of failure)
Confirm with . or Enter, or press ? or * to list all spells.
You don't have enough magic to cast that spell.
Unknown command.
You feel agile all of a sudden.
You barely miss the orc knight.
The orc knight is almost dead.
You kill the orc knight!
Sif Muna accepts your kill.
Your Conjurations skill increases to level 3!
The orc warrior hits you with a war axe!!
You die...

♣♣♣♣ ###.#)#)....###
###.....#'# ♣
###.........###.........#
#...........#......)....
#...........#...........
#.....⌠.....#....)⌠.....
#....))))g.o')..........
#....)..)g..#...........
##.....))g.###.........#
###...@o### ###.....###
###.### ###.### ### ###


You could see 2 orc warriors, a gnoll and 2 goblins.

Vanquished Creatures
  An orc knight (Bailey)
  Menkaure (D:7)
  Duvessa (D:4)
  2 orc warriors (Bailey)
  An ogre (D:7)
  2 centaurs (D:7)
  A big kobold (D:7)
  A bullfrog (D:6)
  Dowan (D:4)
  2 scorpions
  2 wights (D:6)
  A bullfrog skeleton (D:5)
  5 orc wizards
  2 orc priests (D:3)
  Crazy Yiuf (D:6)
  Natasha (thrice) (D:4)
  5 worker ants
  A worker ant zombie (D:7)
  6 gnolls
  2 river rats (D:6)
  6 adders
  A shadow imp (D:5)
  3 oozes (Sewer)
  An adder zombie (D:7)
  An adder skeleton (D:5)
  6 worms
  4 dart slugs (D:1)
  3 leopard geckos
  20 orcs
  17 bats
  7 giant cockroaches
  21 goblins
  9 hobgoblins
  19 jackals
  10 kobolds
  2 quokkas
  2 ball pythons
  7 frilled lizards
  A jackal zombie (D:5)
  9 rats
190 creatures vanquished.

Vanquished Creatures (collateral kills)
  An orc warrior (Bailey)
  A wight (D:6)
  A gnoll (Bailey)
  2 orcs (Bailey)
  5 goblins (Bailey)
  A hobgoblin (Bailey)
11 creatures vanquished.

Vanquished Creatures (others)
  An orc wizard (D:4)
1 creature vanquished.

Grand Total: 202 creatures vanquished

Notes
Turn   | Place    | Note
-------+----------+-------------------------------------------
     0 | D:1      | Ihlosi the Kobold Ice Elementalist began the quest for the
                  | Orb.
     0 | D:1      | Reached XP level 1. HP: 10/10 MP: 3/3
   137 | D:1      | Reached XP level 2. HP: 13/15 MP: 1/5
   727 | D:1      | Reached XP level 3. HP: 15/19 MP: 0/6
  1477 | D:2      | Reached XP level 4. HP: 24/24 MP: 8/8
  1941 | D:2      | Found a white marble altar of Elyvilon.
  2219 | D:2      | Reached skill level 1 in Armour
  2531 | D:3      | Found a sparkling altar of Nemelex Xobeh.
  2555 | D:3      | Reached XP level 5. HP: 28/28 MP: 5/9
  2586 | D:3      | Reached skill level 1 in Fighting
  2586 | D:3      | Reached skill level 1 in Short Blades
  2690 | D:3      | Found a blossoming altar of Fedhas.
  2824 | D:3      | Found a deep blue altar of Sif Muna.
  2827 | D:3      | Became a worshipper of Sif Muna the Loreminder
  2849 | D:3      | Learned a level 4 spell: Throw Icicle
  2854 | D:3      | Learned a level 4 spell: Summon Ice Beast
  2879 | D:3      | Found a runed gate.
  2879 | D:3      | Noticed Marnok's ghost (weakling HuFi)
  2880 | D:3      | Found a runed gate.
  2881 | D:3      | Found a runed gate.
  2985 | D:3      | Found an opulent altar of Gozag.
  3329 | D:3      | Reached XP level 6. HP: 27/34 MP: 4/11
  3741 | D:3      | Found a roughly hewn altar of Beogh.
  4225 | D:4      | Noticed Duvessa
  4313 | D:4      | Got a crystal long sword
  4314 | D:4      | Identified the +3 long sword of Indomitability {flame, rC-
                  | rN++ Str+4} (You found it on level 4 of the Dungeon)
  4358 | D:4      | Noticed Dowan
  4415 | D:4      | Killed Duvessa
  4415 | D:4      | Reached XP level 7. HP: 32/39 MP: 6/13
  4416 | D:4      | Killed Dowan
  4486 | D:4      | Reached * piety under Sif Muna
  4498 | D:4      | Noticed Natasha
  4509 | D:4      | Killed Natasha
  5022 | D:4      | Learned a level 2 spell: Ensorcelled Hibernation
  5074 | D:4      | Found a shadowy altar of Dithmenos.
  5162 | D:4      | Noticed Natasha
  5176 | D:4      | Killed Natasha
  5270 | D:4      | Found a staircase to the Ecumenical Temple.
  5324 | D:4      | Found a staircase to the Ecumenical Temple.
  5360 | D:4      | Found a shadowy altar of Dithmenos.
  5406 | D:4      | Noticed Natasha
  5425 | D:4      | Killed Natasha
  5430 | Temple   | Entered the Ecumenical Temple
  6027 | D:4      | Found a shadowy altar of Dithmenos.
  6052 | D:4      | Found a staircase to the Ecumenical Temple.
  6228 | D:4      | Found a staircase to the Ecumenical Temple.
  6284 | D:4      | Found a shadowy altar of Dithmenos.
  6618 | D:4      | Found a shadowy altar of Dithmenos.
  6643 | D:4      | Found a staircase to the Ecumenical Temple.
  6900 | D:5      | Entered Level 5 of the Dungeon
  7095 | D:5      | Reached skill level 5 in Ice Magic
  7095 | D:5      | Reached XP level 8. HP: 19/44 MP: 15/15
  7410 | D:5      | Reached skill level 5 in Stealth
  7595 | D:5      | Found a stormy altar of Qazlal.
  7738 | D:6      | Reached skill level 5 in Spellcasting
  7768 | D:6      | Found an ancient bone altar of Kikubaaqudgha.
  7848 | D:6      | Found a glowing golden altar of the Shining One.
  7857 | D:6      | Found an ornate altar of the Wu Jian Council.
  7881 | D:6      | Noticed Grinder
  7949 | D:6      | Found a shimmering altar of Xom.
  7952 | D:6      | Found a shimmering altar of Xom.
  7952 | D:6      | Found a shimmering altar of Xom.
  7954 | D:6      | Found a shimmering altar of Xom.
  7955 | D:6      | Found a shimmering altar of Xom.
  8015 | D:6      | Found Lemaro Ramu's General Store.
  8034 | D:6      | Found a sacrificial altar of Ru.
  8103 | D:6      | Found a glowing drain.
  8171 | Sewer    | Entered a sewer
  8555 | Sewer    | Reached ** piety under Sif Muna
  9776 | D:6      | Found a runed door.
  9836 | D:6      | Found a shimmering altar of Xom.
  9837 | D:6      | Found a shimmering altar of Xom.
  9838 | D:6      | Found a shimmering altar of Xom.
  9838 | D:6      | Found a shimmering altar of Xom.
  9838 | D:6      | Found a shimmering altar of Xom.
  9917 | D:6      | Found Lemaro Ramu's General Store.
  9935 | D:6      | Found a sacrificial altar of Ru.
  9968 | D:6      | Found an ancient bone altar of Kikubaaqudgha.
 10071 | D:6      | Found a glowing golden altar of the Shining One.
 10091 | D:6      | Found an ornate altar of the Wu Jian Council.
 10614 | D:6      | Found a shimmering altar of Xom.
 10615 | D:6      | Found a shimmering altar of Xom.
 10616 | D:6      | Found a shimmering altar of Xom.
 10616 | D:6      | Found a shimmering altar of Xom.
 10616 | D:6      | Found a shimmering altar of Xom.
 10695 | D:6      | Found Lemaro Ramu's General Store.
 10713 | D:6      | Found a sacrificial altar of Ru.
 10746 | D:6      | Found an ancient bone altar of Kikubaaqudgha.
 10849 | D:6      | Found a glowing golden altar of the Shining One.
 10869 | D:6      | Found an ornate altar of the Wu Jian Council.
 11338 | D:6      | Noticed Crazy Yiuf
 11373 | D:6      | Killed Crazy Yiuf
 11502 | D:7      | Noticed Menkaure
 11548 | D:7      | Killed Menkaure
 11601 | D:7      | Reached skill level 1 in Evocations
 11616 | D:7      | Reached XP level 9. HP: 24/49 MP: 3/17
 11723 | D:7      | Found Falypt's General Store.
 11752 | D:7      | Reached skill level 1 in Shields
 11797 | D:7      | Found a flagged portal.
 11934 | Bailey   | Entered a bailey
 12400 | Bailey   | Reached skill level 5 in Dodging
 12660 | Bailey   | Noticed an orc knight
 12694 | Bailey   | Killed an orc knight
 12694 | Bailey   | Mangled by an orc warrior

Skill      XL: |  1  2  3  4  5  6  7  8  9 |
---------------+----------------------------+-----
Stealth        | 3 4 5 6 |  6.0
Spellcasting   | 3 4 5 6 |  6.7
Armour         | 1 |  1.0
Fighting       | 1 2 3 |  3.5
Short Blades   | 1 2 3 4 |  4.5
Ice Magic      | 4 5 6 |  6.5
Dodging        | 3 4 5 |  5.1
Conjurations   | 2 3 |  3.1
Evocations     | 1 2 |  2.3
Shields        | 1 |  1.5

Action                   |  1- 3 |  4- 6 |  7- 9 || total
-------------------------+-------+-------+-------++-------
Melee: Unarmed           |    14 |       |       ||    14
       Dagger            |     6 |    65 |   136 ||   207
       Long sword        |       |     2 |    66 ||    68
       Short sword       |       |       |    15 ||    15
 Cast: Freeze            |    47 |    93 |   104 ||   244
       Ensorcelled Hiber |       |       |    17 ||    17
       Throw Icicle      |       |       |     3 ||     3
       Summon Ice Beast  |       |       |     8 ||     8
  Use: Scroll            |       |    14 |    14 ||    28
       Potion            |       |     1 |    12 ||    13
 Stab: Sleeping          |     1 |     7 |    15 ||    23
  Eat: Chunk             |    10 |     8 |    27 ||    45
Armor: Robe              |     6 |    17 |    27 ||    50
       Leather armour    |       |       |    23 ||    23
Dodge: Dodged            |    45 |   130 |   274 ||   449
       Rpst.: Long sword |       |     2 |    21 ||    23
